 Dungeon Crawl Stone Soup version 0.29-a0-393-g47a863cc1b (webtiles) character file.

Game seed: 16008388580235878239

4757 ytrimaz the Carver (level 10, 0/77 HPs)
             Began as a Demonspawn Fighter on May 9, 2022.
             Was a High Priest of Okawaru.
             Slain by an orc warrior
             ... wielding a +0 halberd
              (4 damage)
             ... on level 8 of the Dungeon.
             The game lasted 00:10:14 (9182 turns).

ytrimaz the Carver (Demonspawn Fighter)             Turns: 9182, Time: 00:10:15

Health: 0/77       AC:  7    Str: 20    XL:     10   Next: 23%
Magic:  0/16       EV:  8    Int: 10    God:    Okawaru [*****.]
Gold:   613        SH:  6    Dex: 13    Spells: 9/9 levels left

rFire   . . .      SeeInvis +   I - +2 demon blade (elec)
rCold   + + .      Faith    .   c - +0 buckler
rNeg    . . .      Spirit   +   m - +0 plate armour
rPois   .          Reflect  .   (helmet restricted)
rElec   .          Harm     .   (no cloak)
rCorr   .          Rampage  .   (no gloves)
Will    .....                   (no boots)
Stlth   ..........              E - amulet of regeneration
HPRegen 1.02/turn               n - ring of protection from cold
MPRegen 0.30/turn               D - ring of see invisible

@: heroic, corroded
A: horns 2, icy blue scales 3, magic shield, magic regeneration
a: Renounce Religion, Heroism, Finesse, Duel


You were on level 8 of the Dungeon.
You worshipped Okawaru.
Okawaru was extremely pleased with you.
You visited 2 branches of the dungeon, and saw 9 of its levels.

You collected 613 gold pieces.

Inventory:

Hand Weapons
 a - a +0 long sword of electrocution
 I - a +2 demon blade of electrocution (weapon)
Missiles
 l - a throwing net
 s - 12 boomerangs (quivered)
Armour
 c - a +0 buckler (worn)
 m - a +0 plate armour (worn)
Jewellery
 b - a ring of positive energy
 n - a ring of protection from cold (left hand)
 p - an amulet of the acrobat
 w - the ring "Busyecs" {Ice rCorr Slay+3 Stlth+}
   (You found it on level 5 of the Dungeon)

   [ring of ice]

   It enhances your ice magic.
   Slay:      It affects your accuracy & damage with ranged weapons and melee
   (+3).
   rF:        It makes you vulnerable to fire.
   rC:        It protects you from cold.
   rCorr:     It protects you from acid and corrosion.
   Stlth:     It makes you more stealthy.
 D - a ring of see invisible (right hand)
 E - an amulet of regeneration (around neck)
Wands
 d - a wand of flame (15)
 o - a wand of digging (7)
 A - a wand of iceblast (14)
Scrolls
 h - a scroll of magic mapping
 i - 2 scrolls of fog
 q - a scroll of torment
 u - 2 scrolls of teleportation
 v - 3 scrolls of noise
 x - a scroll of brand weapon
 y - 2 scrolls of fear
 C - 2 scrolls of identify
 F - 2 scrolls of enchant armour {unknown}
 G - a scroll of enchant weapon {unknown}
 H - a scroll of amnesia {unknown}
 J - a scroll of blinking {unknown}
Potions
 e - 2 potions of lignification
 f - 4 potions of brilliance
 g - a potion of mutation
 j - 2 potions of degeneration {unknown}
 k - 2 potions of heal wounds {unknown}
 r - 2 potions of haste {unknown}
 t - 5 potions of curing {unknown}
 z - 2 potions of attraction {unknown}
 B - 2 potions of magic {unknown}


   Skills:
 + Level 6.4(11.4) Fighting
 + Level 8.9(13.9) Long Blades
 + Level 7.6(12.6) Armour
 - Level 3.1(8.1) Shields
 * Level 8.4 Invocations


You had 9 spell levels left.
You didn't know any spells.
Your spell library contained the following spells:

 Spells                   Type           Power      Damage    Failure   Level
 Dazzling Flash           Conj/Hex       0%         N/A       100%        3
 Ice Form                 Ice/Tmut       0%         N/A       100%        4
 Olgreb's Toxic Radiance  Pois           0%         N/A       100%        4
 Agony                    Necr           0%         N/A       100%        5
 Metabolic Englaciation   Hex/Ice        0%         N/A       100%        5
 Silence                  Hex/Air        0%         N/A       100%        5
 Ozocubu's Refrigeration  Ice            0%         4d5       100%        7
 Ignition                 Fire           0%         3d3       100%        8
 Summon Guardian Golem    Hex/Summ       Unusable   N/A       N/A         3
 Summon Ice Beast         Ice/Summ       Unusable   N/A       N/A         4
 Summon Lightning Spire   Summ/Air       Unusable   N/A       N/A         4

Dungeon Overview and Level Annotations

Branches:
Dungeon (8/15)             Temple (1/1) D:5
   Lair: D:8-11

Altars:
Ashenzari
Cheibriados
Dithmenos
Elyvilon
Fedhas
Gozag
Hepliaklqana
Kikubaaqudgha
Makhleb
Nemelex Xobeh
Okawaru
Qazlal
Ru
Sif Muna
Uskayaw
Vehumet
Wu Jian
Xom
Yredelemnul
Zin
The Shining One

Shops:
D:5 =   D:7 *

Annotations:
D:7 1 runed translucent door, Pooter's ghost, novice MiBe
D:8 3 runed translucent doors, thiscave3701365's ghost, novice MiBe


Innate Abilities, Weirdness & Mutations

You have a pair of horns on your head.
You are completely covered in icy blue scales. (AC +4, rC+)
When hurt, damage is shared between your health and your magic reserves.
You regenerate magic rapidly.


Message History

Unknown command.
You gain the combat prowess of a mighty hero.
The brown ugly thing tentacle-slaps you.
You are splashed with acid.
You barely miss the brown ugly thing.
The brown ugly thing is heavily wounded.
The brown ugly thing tentacle-slaps you!
You are splashed with acid!
You slash the brown ugly thing!
The brown ugly thing is heavily wounded.
The brown ugly thing tentacle-slaps you.
You are splashed with acid.
You closely miss the brown ugly thing.
The brown ugly thing is heavily wounded.
Thiscave3701365's ghost mumbles, "They all look like pillowcases to me..."
You hit the brown ugly thing.
The brown ugly thing is heavily wounded.
The brown ugly thing tentacle-slaps you.
* * * LOW HITPOINT WARNING * * *
The acid corrodes you!
You are splashed with acid.
* * * LOW HITPOINT WARNING * * *
Unknown command.
As you read the scroll of teleportation, it crumbles to dust.
You feel strangely unstable.
The brown ugly thing tentacle-slaps you!
* * * LOW HITPOINT WARNING * * *
You are splashed with acid.
* * * LOW HITPOINT WARNING * * *
Unknown command.
The brown ugly thing attacks as you move away!
The brown ugly thing tentacle-slaps you but does no damage.
Okay, then.
Okay, then.
Your surroundings suddenly seem different.
The orc warrior shouts!
The orc shouts!
The orc warrior hits you with a +0 halberd!
* * * LOW HITPOINT WARNING * * *
The orc warrior attacks as you move away!
The orc warrior hits you with a +0 halberd.
You die...

................
..................
#......##.........
..#....# .........
.......# ......#.#
.......# ......#.#
..#.... #......#
..#.## #...##
...... #..@.#
..#.#.
.......o.......
........
.........####.#
..#.....
.......o.# ......#
#........# ......
#........# ......
#....##### ...#
§≈... ..##


You could see an orc warrior and an orc.

Vanquished Creatures
  A two-headed ogre (D:6)
  An unseen horror (D:8)
  A kobold demonologist (D:8)
  A troll (D:7)
  5 yaks (D:8)
  Edmund (D:4)
  2 water moccasins
  An acid dragon (D:8)
  A sky beast (D:7)
  2 ice beasts (D:6)
  2 black bears
  2 ogres (D:5)
  A phantom (D:6)
  A kobold brigand (D:7)
  3 bullfrogs
  3 scorpions
  2 necrophages (D:5)
  A wight (D:7)
  6 killer bees (D:8)
  3 jellies
  7 orc priests
  3 hounds
  5 orc wizards
  5 adders
  2 ufetubi
  A worm (D:2)
  10 dart slugs
  24 orcs
  7 bats
  10 endoplasms
  5 giant cockroaches
  8 goblins
  5 hobgoblins
  17 jackals (D:1)
  6 quokkas
  5 ball pythons
  4 frilled lizards
  9 kobolds
  3 rats
176 creatures vanquished.

Notes
Turn   | Place    | Note
-------+----------+-------------------------------------------
     0 | D:1      | ytrimaz the Demonspawn Fighter began the quest for the Orb.
     0 | D:1      | Reached XP level 1. HP: 18/18 MP: 1/1
   314 | D:1      | Gained mutation: You are partially covered in icy blue
                  | scales. (AC +2) [demonic ancestry]
   314 | D:1      | Reached XP level 2. HP: 23/24 MP: 2/2
   540 | D:1      | You fall into a shaft and drop 1 floor!
   931 | D:1      | Gained mutation: You are mostly covered in icy blue scales.
                  | (AC +3) [demonic ancestry]
   931 | D:1      | Reached XP level 3. HP: 29/29 MP: 3/3
  1939 | D:2      | Gained mutation: You have a pair of small horns on your
                  | head. [demonic ancestry]
  1939 | D:2      | Reached XP level 4. HP: 35/35 MP: 4/4
  2552 | D:3      | Found a faded altar of an unknown god.
  2611 | D:3      | Found a burning altar of Makhleb.
  2721 | D:3      | Found a sparkling altar of Nemelex Xobeh.
  2750 | D:3      | Gained mutation: You have a pair of horns on your head.
                  | [demonic ancestry]
  2750 | D:3      | Reached XP level 5. HP: 28/41 MP: 5/5
  2868 | D:3      | Found an iron altar of Okawaru.
  2872 | D:3      | Became a worshipper of Warmaster Okawaru
  2958 | D:3      | Found a snail-covered altar of Cheibriados.
  3074 | D:3      | Reached skill level 1 in Invocations
  3515 | D:4      | Noticed Edmund
  3725 | D:4      | Found an ancient bone altar of Kikubaaqudgha.
  3801 | D:4      | Gained mutation: You regenerate magic rapidly. [demonic
                  | ancestry]
  3801 | D:4      | Reached XP level 6. HP: 21/45 MP: 3/7
  3824 | D:4      | Killed Edmund
  3824 | D:4      | Reached * piety under Okawaru
  4359 | D:4      | Got the Almanac of the Glacier and Companions
  4583 | D:4      | Reached XP level 7. HP: 54/54 MP: 9/9
  4585 | D:4      | Reached skill level 5 in Long Blades
  4707 | D:5      | Entered Level 5 of the Dungeon
  4716 | D:5      | Found a staircase to the Ecumenical Temple.
  4899 | D:5      | Found Hicvucoc's Jewellery Shop.
  4986 | D:5      | Identified the ring "Busyecs" {Ice rCorr Slay+3 Stlth+}
  5096 | D:5      | Reached ** piety under Okawaru
  5097 | D:5      | Gained mutation: When hurt, damage is shared between your
                  | health and your magic reserves. [demonic ancestry]
  5097 | D:5      | Reached XP level 8. HP: 25/61 MP: 11/11
  5498 | Temple   | Entered the Ecumenical Temple
  5613 | D:5      | Reached skill level 5 in Armour
  5840 | D:6      | Reached skill level 5 in Invocations
  6188 | D:6      | Reached skill level 5 in Fighting
  6436 | D:6      | Noticed a two-headed ogre
  6447 | D:6      | Killed a two-headed ogre
  6447 | D:6      | Reached *** piety under Okawaru
  6448 | D:6      | Gained mutation: You are completely covered in icy blue
                  | scales. (AC +4, rC+) [demonic ancestry]
  6448 | D:6      | Reached XP level 9. HP: 20/68 MP: 3/13
  7173 | D:7      | Found Sigixap's General Store.
  7261 | D:7      | Found a runed translucent door.
  7262 | D:7      | Found a shimmering altar of Xom.
  7262 | D:7      | Noticed Pooter's ghost (novice MiBe)
  7262 | D:7      | Noticed a +2 scimitar of chaos
  7319 | D:7      | Found a hide-covered altar of Uskayaw.
  7328 | D:7      | Noticed a +0 hand axe
  7328 | D:7      | Noticed a +0 hand axe
  7377 | D:7      | Noticed a troll
  7408 | D:7      | Reached **** piety under Okawaru
  7414 | D:7      | Killed a troll
  7857 | D:8      | Identified the +11 hand axe "Otonyru" {vorpal, Int+4 Dex+2}
  7873 | D:8      | Found a shimmering blue altar of Sif Muna.
  7939 | D:8      | Noticed a kobold demonologist
  7941 | D:8      | Noticed a sixfirhy
  7957 | D:8      | Killed a kobold demonologist
  8089 | D:8      | Found a basalt altar of Yredelemnul.
  8658 | D:8      | Killed an unseen horror
  8659 | D:8      | Reached XP level 10. HP: 20/76 MP: 9/16
  8992 | D:8      | Reached ***** piety under Okawaru
  9006 | D:8      | Received a gift from Okawaru
  9152 | D:8      | Found a runed translucent gate.
  9152 | D:8      | Found a runed translucent gate.
  9152 | D:8      | Found a runed translucent gate.
  9153 | D:8      | Noticed thiscave3701365's ghost (novice MiBe)
  9161 | D:8      | Noticed a brown ugly thing
  9182 | D:8      | Slain by an orc warrior

Illustrated notes

Levels and vault maps discovered:
D:1:      roderic_crossed_star, layout_loops_corners, minmay_tall_x
D:2:      layout_rooms, basic_altar
D:3:      kennysheep_slugbush, layout_basic, mainiacjoe_overflow_cross_hatched,
          overflow_temple_1_default, lemuel_tele_altar, cheibriados_altar_1,
          ebering_ecumenical_altar_mist, minmay_misc_feat_room,
          grunt_ministairs_5, hangedman_decor_opposing
D:4:      layout_gridville, nicolae_kikubaaqudgha_miasma_corner, uniq_edmund
D:5:      layout_cave_pools, minmay_temple_entry_glass, nicolae_stop_n_shop_2
D:6:      layout_rooms
D:7:      layout_loops_ring, good_gods_temple_1, dancing_weapons_uskayaw,
          ebering_ghost_xom, serial_shops, nicolae_take_the_stairs,
          kennysheep_dice
D:8:      layout_basic, lightli_temple_of_fire, grunt_temple_overflow_open,
          gammafunk_ghost_necromancy
Temple:   cyrus_temple_forest

Skill      XL: |  1  2  3  4  5  6  7  8  9 |
---------------+----------------------------+-----
Long Blades    | 2 3 4 6 7 8 |  8.9
Armour         | 3 4 6 7 |  7.6
Shields        | 3 |  3.1
Invocations    | 1 3 4 6 8 |  8.4
Fighting       | 4 5 6 |  6.4

Action                   |  1- 3 |  4- 6 |  7- 9 | 10-12 || total
-------------------------+-------+-------+-------+-------++-------
Melee: Long sword        |   168 |   131 |   248 |    26 ||   573
       Headbutt          |       |    21 |    54 |    10 ||    85
       Demon blade       |       |       |       |     9 ||     9
Throw: Throwing net      |       |     1 |       |       ||     1
       Boomerang         |       |     1 |       |     4 ||     5
Invok: Heroism           |       |       |     2 |     1 ||     3
  Use: Scroll            |     6 |     4 |     6 |     1 ||    17
       Potion            |       |     1 |     1 |       ||     2
Armor: Scale mail        |   125 |    31 |       |       ||   156
       Plate armour      |       |    84 |   197 |    13 ||   294
Dodge: Dodged            |   107 |    45 |   107 |     2 ||   261
Block: Buckler           |    40 |    32 |    57 |     4 ||   133

Table legend: (Time is in decaauts)
 A = Elapsed time spent in this place.
 B = Non-inter-level travel time spent in this place.
 C = Inter-level travel time spent in this place.
 D = Time resting spent in this place.
 E = Time spent auto-exploring this place.
 F = Levels seen in this place.
 G = Mean time per level.
                   A        B        C        D        E       F      G
               +--------+--------+--------+--------+--------+-----+--------+
         Total |   9299 |   8950 |    349 |    646 |   6535 |   9 | 1033.2 |
       Dungeon |   9214 |   8889 |    325 |    646 |   6483 |   8 | 1151.8 |
        Temple |     84 |     60 |     24 |      0 |     52 |   1 |   84.0 |
               +--------+--------+--------+--------+--------+-----+--------+

Top non-repeatable levels by time:
     D:1: 1759 daAuts
     D:7: 1464 daAuts
     D:3: 1213 daAuts
     D:4: 1148 daAuts
     D:8: 1002 daAuts
     D:6: 1000 daAuts
     D:5: 936 daAuts
     D:2: 689 daAuts
  Temple: 84 daAuts
